 Dungeon Crawl Stone Soup version 0.26.0-10-g1f06aea511 (webtiles) character file.

Game seed: 9058697141920753229

329 funkygono the Gusty (level 6, 0/46 HPs)
             Began as a Draconian Air Elementalist on Jan 20, 2021.
             Slain by Edmund
             ... wielding a +3 vorpal dire flail
              (2 damage)
             ... on level 5 of the Dungeon.
             The game lasted 00:11:35 (5963 turns).

funkygono the Gusty (Draconian Air Elementalist)    Turns: 5963, Time: 00:11:35

Health: 0/46       AC:  6    Str: 10    XL:     6   Next: 25%
Magic:  3/11       EV: 13    Int: 17    God:
Gold:   289        SH:  0    Dex: 12    Spells: 2/12 levels left

rFire    . . .     SeeInvis .   d - +1 whip
rCold    . . .     Faith    .   (no shield)
rNeg     . . .     Spirit   .   (armour unavailable)
rPois    .         Reflect  .   (helmet restricted)
rElec    .         Harm     .   (no cloak)
rCorr    .         Rampage  .   (no gloves)
Will     .....                  (no boots)
Stlth    ++........             q - amulet of magic regeneration
HPRegen  0.15/turn              (no ring)
MPRegen  0.37/turn              (no ring)

@: no status effects
A: unfitting armour, cold-blooded, AC +6
a: no special abilities


You were on level 5 of the Dungeon.
You visited 1 branch of the dungeon, and saw 5 of its levels.

You collected 289 gold pieces.

Inventory:

Hand Weapons
 d - a +1 whip (weapon)
Armour
 n - a +1 kite shield
Jewellery
 q - an amulet of magic regeneration (around neck)
Scrolls
 a - 4 scrolls of teleportation
 i - a scroll of enchant armour
 o - a scroll of remove curse
 r - 2 scrolls of vulnerability {unknown}
 s - a scroll of magic mapping {unknown}
 t - a scroll of amnesia {unknown}
 u - a scroll of identify
Potions
 b - 3 potions of lignification
 c - a potion of brilliance
 e - 2 potions of degeneration {unknown}
 f - a potion of magic {unknown}
 g - 2 potions of curing
 h - 2 potions of haste
 j - a potion of mutation {unknown}
 k - a potion of attraction {unknown}
 l - 4 potions of resistance {unknown}
 m - a potion of invisibility {unknown}
 p - a potion of might {unknown}


   Skills:
 + Level 0.5 Fighting
 + Level 0.1 Maces & Flails
 + Level 2.6 Dodging
 + Level 2.0 Stealth
 * Level 3.8 Spellcasting
 * Level 2.7 Conjurations
 * Level 4.7 Air Magic


You had 2 spell levels left.
You knew the following spells:

 Your Spells              Type           Power        Failure   Level
a - Shock                 Conj/Air       60%          3%          1
b - Swiftness             Air            19%          3%          2
c - Static Discharge      Conj/Air       15%          11%         3
d - Airstrike             Air            9%           22%         4

Your spell library contained the following spells:

 Spells                   Type           Power        Failure   Level
 Animate Skeleton         Necr           6%           16%         1
 Apportation              Tloc           6%           16%         1
 Corona                   Hex            3%           16%         1
 Sandblast                Erth           6%           16%         1
 Summon Small Mammal      Summ           12%          16%         1
 Passwall                 Tmut/Erth      2%           24%         2
 Stone Arrow              Conj/Erth      14%          28%         3
 Lightning Bolt           Conj/Air       7%           69%         5
 Petrify                  Tmut/Erth      3%           85%         4
 Lee's Rapid Deconstruct  Erth           1%           99%         5


Dungeon Overview and Level Annotations

Branches:
Dungeon (5/15)
 Temple: D:4-7

Altars:
Dithmenos
Kikubaaqudgha
Qazlal

Annotations:
D:4 3 runed translucent doors, MajorAdolf's ghost, amateur NaWn
D:5 Edmund


Innate Abilities, Weirdness & Mutations

Your plain brown scales are hard. (AC +6)
You cannot fit into any form of body armour.
You are cold-blooded and may be slowed by cold attacks.


Message History

Casting: Shock (safe; 3% risk of failure)
Confirm with . or Enter, or press ? or * to list all spells.
Edmund is struck by an arc of lightning.
Edmund is heavily wounded.
You are struck by an arc of lightning.
Edmund is struck by an arc of lightning.
Edmund is heavily wounded.
The lightning grounds out.
Edmund hits you with a +3 vorpal dire flail.
* * * LOW HITPOINT WARNING * * *
Casting: Static Discharge (dangerous; 11% risk of failure)
Confirm with . or Enter, or press ? or * to list all spells.
Edmund is struck by an arc of lightning.
Edmund is severely wounded.
You are struck by an arc of lightning.
* * * LOW HITPOINT WARNING * * *
The lightning grounds out.
Edmund hits you with a +3 vorpal dire flail!
* * * LOW HITPOINT WARNING * * *
You die...

.########
........#
#.#.#
#..#
##.##
#.@##
#.#@#
#.##.#
#.# #..
###.#
#.##
#...# #.#
#.### #.#
#.# #.#
#.# #.#
#.# #.#


You could see Edmund.

Vanquished Creatures
  3 orc wizards
  An orc priest (D:4)
  A centaur skeleton (D:2)
  5 adders
  An ooze (D:2)
  An adder skeleton (D:4)
  3 worms
  3 dart slugs
  3 leopard geckos
  14 orcs
  2 ball pythons
  3 bat zombies (D:4)
  3 giant cockroaches (D:1)
  12 hobgoblins
  6 jackals (D:3)
  10 kobolds
  3 quokkas (D:5)
  A ball python zombie (D:5)
  6 bats
  4 frilled lizards
  10 goblins
  10 rats
  A rat zombie (D:4)
106 creatures vanquished.

Vanquished Creatures (others)
  A dart slug (D:3)
  2 fungi (D:4)
  2 plants (D:4)
5 creatures vanquished.

Grand Total: 111 creatures vanquished

Notes
Turn   | Place    | Note
-------+----------+-------------------------------------------
     0 | D:1      | funkygono the Draconian Air Elementalist began the quest
                  | for the Orb.
     0 | D:1      | Reached XP level 1. HP: 14/14 MP: 3/3
   458 | D:1      | Reached XP level 2. HP: 20/20 MP: 3/5
   461 | D:1      | Learned a level 2 spell: Swiftness
  1108 | D:1      | Reached XP level 3. HP: 27/27 MP: 1/6
  1717 | D:1      | Learned a level 3 spell: Static Discharge
  1940 | D:2      | Reached XP level 4. HP: 34/34 MP: 4/8
  3052 | D:3      | Reached skill level 4 in Air Magic
  3261 | D:3      | Reached XP level 5. HP: 39/39 MP: 1/9
  3270 | D:3      | Learned a level 4 spell: Airstrike
  3482 | D:3      | Found a stormy altar of Qazlal.
  4103 | D:3      | Found a shadowy altar of Dithmenos.
  4479 | D:4      | Found an ancient bone altar of Kikubaaqudgha.
  4743 | D:4      | Reached XP level 6. HP: 46/46 MP: 8/11
  5221 | D:4      | Found a runed translucent gate.
  5222 | D:4      | Found a runed translucent gate.
  5223 | D:4      | Found a runed translucent gate.
  5223 | D:4      | Noticed MajorAdolf's ghost (amateur NaWn)
  5453 | D:5      | Entered Level 5 of the Dungeon
  5947 | D:5      | Noticed Edmund
  5963 | D:5      | HP: 2/46 [Edmund/+3 vorpal dire flail (9)]
  5963 | D:5      | Slain by Edmund

Illustrated notes

Levels and vault maps discovered:
D:1:      wheals_arrival_linesprint, layout_basic, serial_aquarium,
          aquarium_bridge_square [aquarium_subvault_wall,
          aquarium_subvault_balcony, aquarium_subvault_bridge,
          aquarium_subvault_window], aquarium_bridge_island_small
          [aquarium_subvault_small_open, aquarium_subvault_bridge,
          aquarium_subvault_bridge, aquarium_subvault_bridge,
          aquarium_subvault_bridge], aquarium_window_corridor_3,
          aquarium_window_1, aquarium_window_1, aquarium_view_2b,
          minmay_misc_feat_five, st_stairs_1, minmay_pentomino_w2
D:2:      layout_loops_ring
D:3:      layout_basic, nicolae_overflow_crystal_walls, grunt_qazlal_clouds
D:4:      layout_loops_cross, lemuel_zombie_altar_kikubaaqudgha,
          gammafunk_ghost_nasty_kobolds, chequers_serial_rivers_small_b,
          dk_noncrumbling_3
D:5:      layout_loops_ring, lemuel_coloured_pillars_altar, uniq_grinder,
          uniq_prince_ribbit1, uniq_edmund

Skill      XL: |  1  2  3  4  5 |
---------------+----------------+-----
Stealth        | 2 |  2.0
Spellcasting   | 3 |  3.8
Conjurations   | 2 |  2.7
Air Magic      | 4 |  4.7
Dodging        | 2 |  2.6
Fighting       | |  0.5
Maces & Flails | |  0.1

Action                   |  1- 3 |  4- 6 || total
-------------------------+-------+-------++-------
Melee: Whip              |    20 |    24 ||    44
       Club              |     6 |       ||     6
       Tailslap          |     2 |       ||     2
 Cast: Shock             |    68 |   202 ||   270
       Static Discharge  |       |     4 ||     4
  Use: Scroll            |     7 |     2 ||     9
       Potion            |       |     1 ||     1
Armor: Skin              |    13 |    26 ||    39
Dodge: Dodged            |    27 |    35 ||    62
